 Dungeon Crawl Stone Soup version 0.30-a0-586-g23e55c9e0a (webtiles) character file.

Game seed: 2077304072775940337

31 MackTheKnife the Shooter (level 3, -4/31 HPs)
             Began as an Armataur Wanderer on Jan 3, 2023.
             Slain by Sigmund
             ... wielding a +0 scythe
              (10 damage)
             ... on level 2 of the Dungeon.
             The game lasted 00:01:20 (740 turns).

MackTheKnife the Shooter (Armataur Wanderer)         Turns: 740, Time: 00:01:20

Health: -4/31      AC:  5    Str: 13    XL:     3   Next: 7%
Magic:  3/3        EV:  8    Int: 11    God:
Gold:   58         SH:  0    Dex: 16    Spells: 2/2 levels left

rFire   + . .      SeeInvis .    a - +2 sling
rCold   + . .      Faith    .    (no shield)
rNeg    . . .      Spirit   .    e - +0 leather armour
rPois   +          Reflect  .    c - +0 helmet
rElec   +          Harm     .    (no cloak)
rCorr   +          Roll     +    (no gloves)
Will    .....                    (no barding)
Stlth   ++                       (no amulet)
HPRegen 0.25/turn                (no ring)
MPRegen 0.08/turn                (no ring)

@: resistant, attractive
A: large, rugged brown scales 3, deformed body, armoured tail, roll, long
tongue, awkward tongue
a: no special abilities


You were on level 2 of the Dungeon.
You visited 1 branch of the dungeon, and saw 2 of its levels.

You collected 58 gold pieces.


Innate Abilities, Weirdness & Mutations

You are completely covered in rugged brown scales. (AC +3, +7% HP)
Armour fits poorly on your strangely shaped body.
You have a long armoured tail.
You roll when moving toward enemies. (Rampage)
Your long tongue fully drains potion bottles. (2x potion effects)
Your tongue gives you trouble enunciating. (1.5x scroll delay)


   Skills:
 + Level 2.0 Fighting
 - Level 1.7 Staves
 + Level 4.1 Ranged Weapons
 - Level 1.2 Armour
 - Level 1.1 Stealth


You had 2 spell levels left.
You didn't know any spells.
Your spell library was empty.

Inventory:

Hand Weapons
 a - a +2 sling (weapon)
 b - a +0 quarterstaff {staff}
Missiles
 l - 4 stones {throwing}
Armour
 c - a +0 helmet (worn)
 e - a +0 leather armour (worn)
 f - a +0 ring mail
   (You found it on level 1 of the Dungeon)
 m - a +0 ring mail
   (You found it on level 1 of the Dungeon)
 n - a +0 leather armour
   (You found it on level 1 of the Dungeon)
Magical Staves
 p - a staff of poison {!astaff}
   (You found it on level 1 of the Dungeon)
Scrolls
 h - a scroll of fear {unknown}
 i - a scroll of magic mapping {unknown}
 k - 2 scrolls of identify {unknown}
Potions
 d - a potion of might
 g - 2 potions of curing {@q1}
 j - a potion of resistance

Dungeon Overview and Level Annotations

Branches:
Dungeon (2/15) Zot: 11246

Altars:

Annotations:
D:2 Sigmund

#.# #.....# ### .####!.. #.#
#..§..# #.# ........ .
####.#####.....# #.# ........
.##...†..........### #.# #.
.##.##.#####+##g...# #.#### #.
.##.##.#......#....###....######.
.##.##.#.#....'......'....'......
.##.##.#.#....#....###....######.
.##'##'#.#.<..#.@..###....# .#.
.........#....#...§#....####.#.#.
.........#....#....§...........#.
...†.....#....#....#....##>#..###
.........#....#)#+#.....+......#
.........#........#.....##.#.#.#
......)..#.#.#....#.......<....#
###........#.#....#.##.......#.#
#......###.#....#.##.....###


You could see a hobgoblin (wandering).


Message History

Key pressed, stopping explore.
Sigmund the Dreaded comes into view.
He is wielding a +0 scythe.
You shoot a sling bullet. The sling bullet hits Sigmund.
Sigmund shouts!
Sigmund casts a spell at you. The magic dart hits you. 😕 HP[-6]
You take 6 damage, and now have 25/31 hp.
You shoot a sling bullet. The sling bullet hits Sigmund.
Sigmund screams, "Don't try to resist!"
Sigmund mumbles some strange words.
Sigmund flickers and vanishes!
Deactivating autopickup; reactivate with Ctrl-A.
No target in view!
No target in view!
You aren't carrying any items that you can evoke.
Unknown command.
Okay, then. 😕 HP[+1] 😕 HP[+1]
There is an open door here. 😕 HP[+1] 😕 HP[+1]
There is a stone staircase leading up here. 😕 HP[+1]
You climb upwards.
Reactivating autopickup.
There is a stone staircase leading down here.
There is a stone staircase leading down here. 😎 HP[+1]
Your hp is fully restored (31).
You climb downwards.
Level annotation: Sigmund
There is a stone staircase leading up here.
You open the door.
There is an open door here.
You open the door.
Sigmund is nearby!
Sigmund is nearby!
You aren't carrying any items that you can evoke.
Unknown command.
You slurp down every last drop of the 2 black potions!
It was a potion of resistance.
You feel protected. Sigmund casts a spell at you.
You are confused.
You slurp down every last drop of the 4 sapphire potions!
It was a potion of curing.
You feel better. Sigmund gestures at you while chanting.
You are confused.
Unknown command.
Okay, then.
You are too confused!
You slurp down every last drop of the fizzy green potion!
It was a potion of magic.
Magic courses through your body.
Sigmund points at you and mumbles some strange words.
You are more confused.
You slurp down every last drop of the grey potion!
It was a potion of attraction.
You feel attractive to monsters. Sigmund is attracted toward you.
You are too confused!
You are too confused!
Okay, then.
You slurp down every last drop of the 3 potions of curing {@q1}!
You feel better. Sigmund casts a spell at you.
You resist with significant effort.
Fire: a) +2 sling
Press: ? - help, Q - select action, (/) - cycle Shift-Dir - straight line, f - Sigmund
Aim: Sigmund, wielding a +0 scythe and wearing a +0 robe (60% to hit)
You shoot a sling bullet. The sling bullet hits Sigmund.
Sigmund hits you with a +0 scythe! 😮 HP[-8]
You take 8 damage, and now have 23/31 hp.
MASSIVE DAMAGE!! (PAUSE) Fire: a) +2 sling
Press: ? - help, Q - select action, (/) - cycle Shift-Dir - straight line, f/p - Sigmund
Aim: Sigmund, wielding a +0 scythe and wearing a +0 robe (lightly wounded, 60% to hit)
You shoot a sling bullet. The sling bullet hits Sigmund.
Sigmund casts a spell.
Sigmund flickers and vanishes!
Deactivating autopickup; reactivate with Ctrl-A.
Fire: a) +2 sling
Press: ? - help, Q - select action, (/) - cycle Shift-Dir - straight line, f - you That would be overly suicidal.
Okay, then.
Unknown command.
Something hits you!
* * * LOW HITPOINT WARNING * * *
Something hits you!
* * * LOW HITPOINT WARNING * * *
Something is attracted toward you. 😱 HP[-17]
You take 17 damage, and now have 6/31 hp.
MASSIVE DAMAGE!! (PAUSE)
A hobgoblin comes into view.
Something is attracted toward you. The hobgoblin is attracted toward you.
Something hits you!
You die...

Skill      XL: |  1  2 |
---------------+-------+-----
Ranged Weapons | 4 |  4.1
Fighting       | 2 |  2.0
Staves         | |  1.7
Armour         | |  1.2
Stealth        | |  1.1

Action                   || total
-------------------------++-------
 Fire: Sling             ||    56
  Use: Potion            ||     5
Armor: Leather armour    ||     4
Dodge: Dodged            ||     2

Levels and vault maps discovered:
D:1:      lightli_arrival_lavapool, layout_rooms, minivault_26
D:2:      layout_basic, basic_altar, nrook_loot_triangle, minmay_unequal,
          uniq_sigmund

Notes
Turn   | Place    | Note
-------+----------+-------------------------------------------
     0 | D:1      | MackTheKnife the Armataur Wanderer began the quest for the
                  | Orb.
     0 | D:1      | MackTheKnife set off with the following items: a +2 sling,
                  | a +0 quarterstaff {staff}, a +0 helmet, a potion of might,
                  | a +0 leather armour.
     0 | D:1      | Reached XP level 1. HP: 17/17 MP: 1/1
     0 | D:1      | magus.rc [v1.9.6]
   245 | D:1      | Reached XP level 2. HP: 24/24 MP: 2/2
   426 | D:1      | Reached skill level 4 in Ranged Weapons
   629 | D:2      | Reached skill level 2 in Fighting
   629 | D:2      | Reached XP level 3. HP: 31/31 MP: 3/3
   675 | D:2      | Noticed Sigmund
   738 | D:2      | HP: 6/31 [something (8)]
   740 | D:2      | Slain by Sigmund

Vanquished Creatures
  An adder (D:2)
  An endoplasm (D:1)
  3 goblins
  3 hobgoblins
  5 kobolds
  6 bats
  A frilled lizard (D:1)
20 creatures vanquished.

Table legend:
 A = Non-vault XP
 B = Vault XP
 C = Vault XP percentage of total XP
 D = Non-vault monster count
 E = Vault monster count
 F = Vault count percentage of total count
                 A         B        C        D         E       F
            +---------+---------+-------+---------+---------+-------
      Total |      45 |       0 |   0.0 |      20 |       0 |   0.0
            +---------+---------+-------+---------+---------+-------
        D:1 |      25 |       0 |   0.0 |      15 |       0 |   0.0
        D:2 |      20 |       0 |   0.0 |       5 |       0 |   0.0
            +---------+---------+-------+---------+---------+-------

Illustrated notes

Table legend:
 A = Kills in this place as a percentage of kills in entire the game.
 B = Kills by you in this place as a percentage of kills by you in the entire game.
 C = Kills by friends in this place as a percentage of kills by friends in the entire game.
 D = Other kills in this place as a percentage of other kills in the entire game.
 E = Experience gained in this place as a percentage of experience gained in the entire game.
 F = Experience gained in this place divided by the number of levels of this place that you have seen.
                   A       B       C       D       E      F
               +-------+-------+-------+-------+-------+----------------------
         Total | 100.0 | 100.0 |   N/A |   N/A | 100.0 |  22.5
       Dungeon | 100.0 | 100.0 |   N/A |   N/A | 100.0 |  22.5
               +-------+-------+-------+-------+-------+----------------------

Table legend: (Time is in decaauts)
 A = Elapsed time spent in this place.
 B = Non-inter-level travel time spent in this place.
 C = Inter-level travel time spent in this place.
 D = Time resting spent in this place.
 E = Time spent auto-exploring this place.
 F = Levels seen in this place.
 G = Mean time per level.
                   A        B        C        D        E       F      G
               +--------+--------+--------+--------+--------+-----+--------+
         Total |    753 |    707 |     46 |      0 |    577 |   2 |  376.5 |
       Dungeon |    753 |    707 |     46 |      0 |    577 |   2 |  376.5 |
               +--------+--------+--------+--------+--------+-----+--------+

Top non-repeatable levels by time:
     D:1: 565 daAuts
     D:2: 188 daAuts
